 Dungeon Crawl Stone Soup version 0.18-a0-1720-g8df8b1a (webtiles) character file.

86 MackTheKnife the Magician (level 4, -2/24 HPs)
             Began as a Deep Elf Wanderer on Apr 8, 2016.
             Killed by divine providence
             ... invoked by an orc priest
              (10 damage)
             ... on level 3 of the Dungeon.
             The game lasted 00:07:17 (2479 turns).

MackTheKnife the Magician (Deep Elf Wanderer)       Turns: 2479, Time: 00:07:18

Health: -2/24      AC:  2    Str: 11    XL:     4   Next: 26%
Magic:  16/23      EV: 11    Int: 14    God:
Gold:   135        SH:  0    Dex: 16    Spells: 4 memorised, 6 levels left

rFire  . . .     SeeInvis .     h - +0 short sword
rCold  . . .     Gourm    .     d - +0 robe
rNeg   . . .     Faith    .     (no shield)
rPois  .         Spirit   .     (no helmet)
rElec  .         Dismiss  .     (no cloak)
rCorr  .         Reflect  .     (no gloves)
SustAt .         Harm     .     (no boots)
MR     .....                    (no amulet)
Stlth  ++........               (no ring)
                                g - ring of magical power {MP+9}

@: very slightly contaminated, not resistant to hostile enchantments, unstealthy
A: no striking features
a: no special abilities


You were on level 3 of the Dungeon.
You were hungry.

You visited 1 branch of the dungeon, and saw 3 of its levels.

You collected 135 gold pieces.

Inventory:

Hand Weapons
 h - a +0 short sword (weapon)
   (You took it off a kobold on level 1 of the Dungeon)
Armour
 d - a +0 robe (worn)
Jewellery
 g - a ring of magical power (left hand) {MP+9}
   (You found it on level 1 of the Dungeon)
 n - a cursed ring of loudness {unknown}
   (You found it on level 2 of the Dungeon)
 p - an uncursed ring of poison resistance {unknown}
   (You found it on level 2 of the Dungeon)
Scrolls
 e - a scroll of enchant armour {unknown}
 l - 2 scrolls of identify {unknown}
 q - a scroll of teleportation {unknown}
 t - a scroll of blinking {unknown}
 u - a scroll of magic mapping {unknown}
Potions
 c - 2 potions of curing
 j - a potion of cure mutation {unknown}
 k - a potion of flight {unknown}
 o - a potion of mutation {unknown}
 r - a potion of lignification {unknown}
 s - a potion of cancellation {unknown}
 v - 2 potions of agility {unknown}
Books
 a - a book of Minor Magic
 b - the Volume of Earth

   Spells                             Type                      Level
   a - Sandblast                      Earth                        1
   b - Stone Arrow                    Conjuration/Earth            3
Comestibles
 f - a bread ration {@e1}
 m - a meat ration {@e2}


   Skills:
 - Level 1.2 Stealth
   Level 1.0 Shields
 + Level 6.1 Spellcasting
 + Level 3.5 Conjurations
   Level 2.6 Hexes
 + Level 1.4 Fire Magic
   Level 1.1 Ice Magic
   Level 1.1 Earth Magic


You had 6 spell levels left.
You knew the following spells:

 Your Spells              Type           Power        Failure   Level  Hunger
c - Conjure Flame         Conj/Fire      ##......     17%         3    ###....
d - Repel Missiles        Chrm/Air       #.....       24%         2    #......
x - Mephitic Cloud        Conj/Pois/Air  #.......     30%         3    ###....
z - Magic Dart            Conj           ##..         3%          1    None


Dungeon Overview and Level Annotations

Branches:
Dungeon (3/15)

Altars:
Makhleb


Message History

Aim: a goblin, wielding a club You miscast Magic Dart.
Nothing appears to happen.
You now have 21/23 mp.
Aim: a goblin, wielding a club The magic dart hits the goblin.
You kill the goblin!
A giant gecko comes into view.
You now have 20/23 mp.
You see here a club.
Aim: a giant gecko The magic dart hits the giant gecko.
You now have 19/23 mp.
Aim: a giant gecko (lightly wounded)
The magic dart hits the giant gecko.
Unknown command.
Aim: a giant gecko (severely wounded, clinging)
The magic dart hits the giant gecko.
You now have 18/23 mp.
Unknown command.
Aim: a giant gecko (almost dead)
The magic dart hits the giant gecko.
You kill the giant gecko!
Unknown command.
You now have 17/23 mp.
There is a burning altar of Makhleb here.
You now have 122 gold pieces (gained 16).
You now have 135 gold pieces (gained 13).
Eat which item? (? for menu, Esc to quit)
Okay, then.
You open the door.
There is an open door here.
t - a scroll labeled LAEGUSSESHI You found a shaft!
A goblin comes into view.
You see here a scroll labeled ETWEHI SAYC ELOTA.
u - a scroll labeled ETWEHI SAYC ELOTA
Aim: a goblin The magic dart hits the goblin.
Aim: a goblin (heavily wounded)
The magic dart hits the goblin.
You kill the goblin!
You now have 20/23 mp.
v - a cyan potion Your magical contamination has completely faded away.
Found a stone staircase leading down.
MP restored: 23
l - 2 scrolls labeled DIVILA URREGH (gained 1)
There is a stone staircase leading down here.
v - 2 cyan potions (gained 1)
A kobold comes into view. It is wielding a whip.
Found an escape hatch in the floor.
Aim: a kobold, wielding a whip (resting)
The magic dart hits the kobold.
You kill the kobold!
Unknown command.
You now have 22/23 mp.
Things that are here:
a whip; a blowgun; 22 poisoned needles; MP restored: 23 An orc and an orc priest come into view.
The orc priest shouts!
The orc moves out of view.
A kobold comes into view. It is wielding a short sword.
Unknown command.
Aim: an orc priest, wielding a dagger and wearing a leather armour
Okay, then.
You can't see any susceptible monsters within range! (Use Z to cast anyway.) Unknown command.
Aim: an orc priest, wielding a dagger and wearing a leather armour The magic dart hits the orc priest.
You now have 22/23 mp.
Aim: an orc priest, wielding a dagger and wearing a leather armour The magic dart hits the orc priest.
The kobold moves out of view.
You now have 21/23 mp.
Aim: an orc priest, wielding a dagger and wearing a leather armour (lightly wounded)
You miscast Mephitic Cloud.
You are very lightly contaminated with residual magic.
The air around you crackles with energy!
You are starving!
The orc priest mumbles some strange prayers to Beogh against you.
Beogh smites you!
Ouch! That really hurt!
An orc and an orc priest come into view.
You take 16 damage, and have 8/24 hp.
MASSIVE DAMAGE!!
You now have 18/23 mp.
The orc shouts!
Eat which item? (? for menu, Esc to quit)
You are feeling hungry.
That beef jerky was delicious!
Unknown command.
Read which item? (? for menu, Esc to quit)
Okay, then.
Read which item? (? for menu, Esc to quit)
Okay, then.
The fire roars!
You now have 16/23 mp.
The orc priest invokes the aid of Beogh against you.
Beogh smites you!
You die...

#.# #.# ##
#.##.## #
######.#...##..
#..............
#).............
#..###.........
#..###.....#..
#....#.@#.## >
#.##.#..###
#.......#
####.#ยง######+#
#.#o...o..o.
#.######Ko.. ..#
. ..# ....


You could see an orc priest.

Vanquished Creatures
  3 adders (D:2)
  An ooze (D:1)
  A worm (D:2)
  2 dart slugs (D:2)
  2 giant geckos
  2 giant cockroaches (D:1)
  7 goblins
  4 hobgoblins
  6 jackals (D:2)
  2 quokkas (D:2)
  3 bats
  2 giant newts
  6 kobolds
  2 rats (D:1)
43 creatures vanquished.

Notes
Turn   | Place    | Note
--------------------------------------------------------------
     0 | D:1      | MackTheKnife the Deep Elf Wanderer began the quest for the Orb.
     0 | D:1      | MackTheKnife set off with: a book of Minor Magic, the Volume of Earth, a potion of curing, a +0 robe, a +0 dagger, a bread ration {@e1}
     0 | D:1      | Reached XP level 1. HP: 10/10 MP: 9/9
     0 | D:1      | Identified the Volume of Earth
     2 | D:1      | Learned a level 1 spell: Magic Dart
    94 | D:1      | Reached skill level 1 in Conjurations
   365 | D:1      | Reached XP level 2. HP: 15/15 MP: 5/10
   428 | D:1      | Reached skill level 2 in Conjurations
   820 | D:2      | Reached XP level 3. HP: 9/19 MP: 4/12
   989 | D:1      | Learned a level 3 spell: Conjure Flame
   992 | D:1      | Learned a level 2 spell: Repel Missiles
   997 | D:1      | Learned a level 3 spell: Mephitic Cloud
  1014 | D:2      | Reached skill level 3 in Conjurations
  1457 | D:2      | Reached skill level 6 in Spellcasting
  1840 | D:2      | Reached skill level 1 in Fire Magic
  1926 | D:2      | Reached XP level 4. HP: 24/24 MP: 14/14
  2314 | D:3      | Found a burning altar of Makhleb.
  2479 | D:3      | Killed from afar by an orc priest

Vault maps used:
D:1:      onia_arrival_pentagram, serial_park_tiny_1, minmay_misc_feat_doors
D:2:      kennysheep_generic_room_14
D:3:      lemuel_crystal_altar, lemuel_statue_altar

Skill      XL: |  1  2  3 |
---------------+----------+-----
Conjurations   | 1 2 3 |  3.5
Spellcasting   | 6 |  6.1
Fire Magic     | 1 |  1.4
Stealth        | |  1.2
Shields        | |  1.0
Hexes          | |  2.6
Ice Magic      | |  1.1
Earth Magic    | |  1.1

Action                   |  1- 3 |  4- 6 || total
-------------------------+-------+-------++-------
Melee: Short sword       |    12 |       ||    12
Throw: Stone             |     3 |       ||     3
 Cast: Magic Dart        |   113 |    22 ||   135
       Conjure Flame     |     1 |     2 ||     3
       Mephitic Cloud    |     1 |       ||     1
       Repel Missiles    |     1 |       ||     1
  Use: Scroll            |     1 |       ||     1
  Eat: Chunk             |     3 |       ||     3
       Beef jerky        |       |     1 ||     1

Vault maps used:
D:1:      onia_arrival_pentagram, serial_park_tiny_1, minmay_misc_feat_doors
D:2:      kennysheep_generic_room_14
D:3:      lemuel_crystal_altar, lemuel_statue_altar

Table legend:
 A = Turns spent in this place as a percentage of turns spent in the entire game.
 B = Non-inter-level travel turns spent in this place as a percentage of non-inter-level travel turns spent in the entire game.
 C = Inter-level travel turns spent in this place as a percentage of turns spent in this place.
 D = Turns resting spent in this place as a percentage of non-inter-level travel turns spent in this place.
 E = Turns spent auto-exploring this place as a percentage of non-inter-level travel turns spent in this place.
 F = Non-inter-level travel turns spent in this place divided by the number of levels of this place that you've seen.
                   A       B       C       D       E      F
               +-------+-------+-------+-------+-------+----------------------
         Total | 100.0 | 100.0 |   0.6 |   7.2 |   7.5 | 205.0
       Dungeon | 100.0 | 100.0 |   0.6 |   7.2 |   7.5 | 205.0
               +-------+-------+-------+-------+-------+----------------------

Table legend:
 A = Kills in this place as a percentage of kills in entire the game.
 B = Kills by you in this place as a percentage of kills by you in the entire game.
 C = Kills by friends in this place as a percentage of kills by friends in the entire game.
 D = Other kills in this place as a percentage of other kills in the entire game.
 E = Experience gained in this place as a percentage of experience gained in the entire game.
 F = Experience gained in this place divided by the number of levels of this place that you have seen.
                   A       B       C       D       E      F
               +-------+-------+-------+-------+-------+----------------------
         Total | 100.0 | 100.0 |  -nan |  -nan | 100.0 |  41.0
       Dungeon | 100.0 | 100.0 |  -nan |  -nan | 100.0 |  41.0
               +-------+-------+-------+-------+-------+----------------------
